 Dungeon Crawl Stone Soup version 0.30-a0-377-g5cb311bc9f (webtiles) character file.

Game seed: 4415117012160737641

12679 qeuew the Fighter (level 12, -6/98 HPs)
             Began as a Formicid Fighter on Nov 29, 2022.
             Was an Elder of Nemelex Xobeh.
             Mangled by a minotaur
             ... wielding a +0 eveningstar
              (20 damage)
             ... in a Gauntlet.
             The game lasted 00:15:25 (9147 turns).

qeuew the Fighter (Formicid Fighter)                Turns: 9147, Time: 00:15:26

Health: -6/98      AC: 25    Str: 23    XL:     12   Next: 23%
Magic:  19/19      EV: 17    Int:  4    God:    Nemelex Xobeh [****..]
Gold:   228        SH:  7    Dex: 19    Spells: 11/11 levels left

rFire   . . .      SeeInvis +    a - +1 war axe (protect)
rCold   + . .      Faith    .    c - +0 buckler
rNeg    . . .      Spirit   .    l - +3 scale mail {rC+}
rPois   .          Reflect  .    (helmet unavailable)
rElec   .          Harm     .    t - +1 cloak
rCorr   .          Rampage  .    s - +1 pair of gloves {hurl}
Will    ++++.                    h - +1 pair of boots
Stlth   ..........               u - necklace of Bloodlust {*Rage Will++ Int-3 Slay+6}
HPRegen 0.36/turn                n - +4 ring of evasion
MPRegen 0.16/turn                x - ring "Muonkay" {Fly Will+ Dex+6}

@: under a protective aura, flying, unable to read
A: permanent stasis, dig shafts and tunnels, antennae 3, four strong arms,
clumsy 1, dopey 1, inability to read after injury 1
a: Dig, Renounce Religion, Draw Escape, Draw Destruction, Draw Summoning, Triple
Draw, Deal Four


You were in a Gauntlet.
You worshipped Nemelex Xobeh.
Nemelex Xobeh was greatly pleased with you.
You visited 2 branches of the dungeon, and saw 12 of its levels.
You also visited: Gauntlet.

You collected 726 gold pieces.
You spent 498 gold pieces at shops.

Inventory:

Hand Weapons
 a - a +1 war axe of protection (weapon)
Armour
 c - a +0 buckler (worn)
 h - a +1 pair of boots (worn)
 l - a +3 scale mail of cold resistance (worn)
 s - a +1 pair of gloves of hurling (worn)
 t - a +1 cloak (worn)
Jewellery
 n - a +4 ring of evasion (left hand)
 u - the necklace of Bloodlust (around neck) {*Rage Will++ Int-3 Slay+6}
   (You bought it in a shop on level 8 of the Dungeon)

   [amulet of nothing]

   It extends the wearer's berserk rage when killing foes.
   Int:       It affects your intelligence (-3).
   Slay:      It affects your accuracy & damage with ranged weapons and melee
   (+6).
   *Rage:     It berserks you when you make melee attacks (+50% chance).
   Will:      It greatly increases your willpower.
 x - the ring "Muonkay" (right hand) {Fly Will+ Dex+6}
   (You found it in a Gauntlet)

   [ring of dexterity]

   Dex:       It affects your dexterity (+6).
   Fly:       It grants you flight.
   Will:      It increases your willpower.
Wands
 i - a wand of polymorph (23)
 p - a wand of flame (13)
 w - a wand of paralysis (7)
Scrolls
 b - 2 scrolls of identify
 d - 3 scrolls of magic mapping
 e - 2 scrolls of fear
 g - 2 scrolls of enchant armour
 k - 3 scrolls of enchant weapon
 z - a scroll of brand weapon
Potions
 f - 4 potions of curing
 j - a potion of magic
 m - a potion of resistance
 o - 2 potions of heal wounds
 r - a potion of brilliance
 v - a potion of flight
Miscellaneous
 y - a phantom mirror


   Skills:
 * Level 10.5 Fighting
 + Level 6.7 Axes
 + Level 7.9 Armour
 + Level 5.7 Dodging
 + Level 9.5 Shields
 * Level 9.9 Invocations
 + Level 6.6 Evocations


You had 11 spell levels left.
You didn't know any spells.
Your spell library contained the following spells:

 Spells                   Type           Power      Damage    Failure   Level
 Apportation              Tloc           0%         N/A       83%         1
 Necrotise                Necr           0%         1d4       83%         1
 Summon Small Mammal      Summ           0%         N/A       83%         1
 Frozen Ramparts          Ice            0%         1d1       99%         3
 Ignite Poison            Fire/Tmut/Pois 0%         N/A       99%         3
 Inner Flame              Hex/Fire       0%         N/A       99%         3
 Kindle Blastsparks       Fire/Tloc/Air  0%         2d10      99%         3
 Cause Fear               Hex            0%         N/A       100%        4
 Ice Form                 Ice/Tmut       0%         N/A       100%        4
 Manifold Assault         Tloc           0%         N/A       100%        4
 Sticky Flame             Conj/Fire      0%         2d3       100%        4
 Summon Ice Beast         Ice/Summ       0%         N/A       100%        4
 Freezing Cloud           Conj/Ice/Air   0%         6-21      100%        5
 Iskenderun's Battlesphe  Conj           0%         2d6       100%        5
 Iron Shot                Conj/Erth      0%         9d1       100%        6
 Spellforged Servitor     Conj/Summ      0%         N/A       100%        7
 Storm Form               Tmut/Air       0%         N/A       100%        7
 Discord                  Hex            0%         N/A       100%        8
 Ignition                 Fire           0%         3d3       100%        8
 Blink                    Tloc           Unusable   N/A       N/A         2

Dungeon Overview and Level Annotations

Branches:
Dungeon (11/15)            Temple (1/1) D:4            Lair (0/5) D:9
    Orc (0/2) D:10        Gauntlet (1/1)

Altars:
Ashenzari
Cheibriados
Dithmenos
Elyvilon
Fedhas
Gozag
Hepliaklqana
Kikubaaqudgha
Makhleb
Nemelex Xobeh
Okawaru
Qazlal
Ru
Sif Muna
Trog
Uskayaw
Vehumet
Wu Jian
Xom
Yredelemnul
Zin
The Shining One

Shops:
D:1 :   D:5 *   D:8 (=*

Annotations:
D:7 1 runed translucent door Gauntlet 17 runed translucent doors, 3 transporters


Innate Abilities, Weirdness & Mutations

You cannot be hasted, slowed, berserked, paralysed or teleported.
You can dig through walls and to a lower floor.
You have a pair of large antennae on your head. (SInv)
Your four strong arms can wield two-handed weapons with a shield.
You are clumsy. (Dex -2)
You are dopey. (Int -2)
You occasionally lose the ability to read scrolls when taking damage.


Message History

Anything else - Cancel.
You shout for attention!
You hear a bellow!
You reach down and open the door.
A minotaur comes into view.
It is wielding a +0 eveningstar and wearing the +2 tower shield of the Vacuum {Will+++ Int+4}.
The minotaur bellows!
Found four items.
Found a gate leading back out of this place.
The minotaur throws a javelin.
The javelin pierces through you!!
There is an open door, spattered with blood here.
You block the minotaur's attack.
The minotaur gores you but does no damage.
The minotaur blocks your attack. You block the minotaur's attack.
The minotaur closely misses you.
You hit the minotaur but do no damage.
Your weapon exudes an aura of protection.
The minotaur closely misses you.
The minotaur gores you but does no damage.
The minotaur blocks your attack. The minotaur barely misses you.
The minotaur gores you but does no damage.
The minotaur hits you with a +0 eveningstar.
The minotaur gores you but does no damage.
You hit the minotaur but do no damage. You block the minotaur's attack.
The minotaur gores you but does no damage.
You hit the minotaur.
The minotaur is lightly wounded.
You block the minotaur's attack. The minotaur gores you.
The minotaur blocks your attack.
The minotaur is lightly wounded.
The minotaur hits you with a +0 eveningstar!!
The minotaur gores you!
You completely miss the minotaur.
The minotaur is lightly wounded.
The minotaur hits you with a +0 eveningstar!!
* * * LOW HITPOINT WARNING * * *
The minotaur gores you.
* * * LOW HITPOINT WARNING * * *
The minotaur hits you with a +0 eveningstar!!
You feel threatened and lose the ability to read scrolls!
You die...
Your body glows slightly and disappears.

#§§..#### ### ###
#....... ...
..####.8....
##.###..##§...... ...
....##...###
..#.#....#...#..
#########.#.#.©8.#...#(#
#8:8[8.8#...#....#...#.#
#∩....H@'.###.©8.#.8.#©#
#8[8[8.8#...#....#...#..
#########.#.#.©8.#...#=.
#.....#.#....#...#..
#8..........##...###
##.##.###..##≈......
#........####.8....
########## #.......
#≈...####


You could see a minotaur.

Vanquished Creatures
  5 two-headed ogres (D:10)
  2 thrashing horrors (Gauntlet)
  A cyclops (D:10)
  Joseph (D:8)
  An unseen horror (D:7)
  A gargoyle (D:10)
  A komodo dragon (D:10)
  A tyrant leech (Gauntlet)
  A troll (D:10)
  2 hornets
  Sigmund (D:2)
  A shadow (D:9)
  12 yaks
  A steam dragon (D:6)
  A water moccasin (D:9)
  4 swamp worms (Gauntlet)
  3 orc warriors (D:10)
  Pargi (D:3)
  2 ice beasts (D:7)
  A sky beast (D:6)
  An ogre (D:7)
  3 centaurs
  3 phantoms
  4 small abominations (Gauntlet)
  3 kobold brigands
  6 bullfrogs
  2 scorpions
  2 necrophages
  2 howler monkeys
  3 electric eels (D:10)
  2 centaur zombies (D:6)
  A bullfrog zombie (D:6)
  3 jellies
  7 orc priests
  2 gnoll boudas
  A hound (D:4)
  4 iguanas
  Jessica (D:2)
  12 orc wizards
  A mummy (D:4)
  8 adders
  11 gnolls
  A white imp (D:5)
  3 worms
  5 dart slugs (D:1)
  65 orcs
  6 bats
  4 endoplasms
  2 giant cockroaches
  9 goblins
  5 hobgoblins
  6 jackals (D:2)
  3 quokkas
  8 ball pythons
  2 frilled lizards
  A goblin zombie (D:7)
  10 kobolds
  3 rats
258 creatures vanquished.

Vanquished Creatures (others)
  A howler monkey (D:10)
  An orc (D:5)
  16 fungi (D:4)
  3 withered plants
21 creatures vanquished.

Grand Total: 279 creatures vanquished

Notes
Turn   | Place    | Note
-------+----------+-------------------------------------------
     0 | D:1      | qeuew the Formicid Fighter began the quest for the Orb.
     0 | D:1      | Reached XP level 1. HP: 18/18 MP: 1/1
   107 | D:1      | Reached XP level 2. HP: 18/24 MP: 2/2
   136 | D:1      | Found Qiogan's Vocational Training.
   230 | D:1      | Reached XP level 3. HP: 30/30 MP: 3/3
   609 | D:2      | Noticed Sigmund
   627 | D:2      | Killed Sigmund
   628 | D:2      | Reached skill level 4 in Fighting
   628 | D:2      | Reached skill level 1 in Dodging
   628 | D:2      | Reached XP level 4. HP: 37/38 MP: 4/4
   628 | D:2      | Reached XP level 5. HP: 42/43 MP: 5/5
   628 | D:2      | Reached XP level 6. HP: 48/49 MP: 6/6
   709 | D:2      | Reached skill level 5 in Shields
   855 | D:2      | Noticed Jessica
   867 | D:2      | Killed Jessica
   868 | D:2      | Reached skill level 5 in Fighting
  1065 | D:2      | Found an opulent altar of Gozag.
  1366 | D:3      | You fall into a shaft and drop 1 floor!
  1372 | D:4      | Found a bloodstained altar of Trog.
  1381 | D:4      | Found a stormy altar of Qazlal.
  1390 | D:4      | Noticed Pargi
  1396 | D:4      | Reached skill level 1 in Evocations
  1420 | D:3      | Killed Pargi
  1421 | D:3      | Reached XP level 7. HP: 16/56 MP: 7/7
  1906 | D:3      | Found a faded altar of an unknown god.
  1911 | D:3      | Found a shadowy altar of Dithmenos.
  2484 | D:4      | Found a staircase to the Ecumenical Temple.
  2508 | Temple   | Entered the Ecumenical Temple
  2655 | Temple   | Became a worshipper of Nemelex Xobeh the Trickster
  2786 | D:4      | Reached skill level 1 in Invocations
  2917 | D:4      | Found a snail-covered altar of Cheibriados.
  3092 | D:4      | Found a radiant altar of Vehumet.
  3095 | D:4      | Found a blossoming altar of Fedhas.
  3131 | D:4      | Found a shimmering altar of Xom.
  3393 | D:5      | Entered Level 5 of the Dungeon
  3405 | D:5      | Found a glowing golden altar of the Shining One.
  3477 | D:5      | Reached XP level 8. HP: 35/64 MP: 9/9
  3536 | D:5      | Found Sull's Serpentskin Sales.
  3601 | D:5      | Reached skill level 6 in Fighting
  3772 | D:5      | Reached skill level 5 in Armour
  3822 | D:5      | Reached * piety under Nemelex Xobeh
  4138 | D:6      | Noticed a yak
  4140 | D:6      | Noticed a yak
  4141 | D:6      | Noticed a yak
  4142 | D:6      | Noticed a yak
  4142 | D:6      | Noticed a yak
  4143 | D:6      | Noticed a yak
  4167 | D:5      | Killed a yak
  4201 | D:6      | Reached XP level 9. HP: 71/71 MP: 12/12
  4211 | D:6      | Found an iron altar of Okawaru.
  4307 | D:6      | Received a gift from Nemelex Xobeh
  4499 | D:6      | Reached skill level 7 in Fighting
  4505 | D:6      | Reached skill level 5 in Invocations
  4616 | D:6      | Found a shimmering blue altar of Sif Muna.
  4653 | D:6      | Found an opulent altar of Gozag.
  4999 | D:7      | Reached XP level 10. HP: 69/80 MP: 14/14
  5021 | D:7      | Noticed an unseen horror
  5039 | D:7      | Reached skill level 5 in Axes
  5051 | D:7      | Reached skill level 8 in Fighting
  5067 | D:7      | Killed an unseen horror
  5172 | D:7      | Found a runed translucent door.
  5173 | D:7      | Found a basalt altar of Yredelemnul.
  5341 | D:7      | Reached ** piety under Nemelex Xobeh
  5356 | D:7      | Found an ornate altar of the Wu Jian Council.
  5556 | D:7      | Gained mutation: Potions are less effective at restoring
                  | your health. [potion of mutation]
  5556 | D:7      | Gained mutation: You are frail. (-10% HP) [potion of
                  | mutation]
  5556 | D:7      | Gained mutation: Your muscles are strong. (Str +4, Int/Dex
                  | -1) [potion of mutation]
  5557 | D:7      | Lost mutation: Potions are less effective at restoring your
                  | health. [potion of mutation]
  5557 | D:7      | Lost mutation: You are frail. (-10% HP) [potion of
                  | mutation]
  5557 | D:7      | Lost mutation: Your muscles are strong. (Str +4, Int/Dex
                  | -1) [potion of mutation]
  5557 | D:7      | Gained mutation: You are dopey. (Int -2) [potion of
                  | mutation]
  5557 | D:7      | Gained mutation: You are clumsy. (Dex -2) [potion of
                  | mutation]
  5557 | D:7      | Gained mutation: You occasionally lose the ability to read
                  | scrolls when taking damage. [potion of mutation]
  5790 | D:8      | Found Somolino's Weapon Emporium.
  5820 | D:8      | Noticed Joseph
  5832 | D:8      | Killed Joseph
  6025 | D:8      | Found Jeot's Jewellery Shop.
  6028 | D:8      | Bought the necklace of Bloodlust {*Rage Will++ Int-3
                  | Slay+6} for 498 gold pieces
  6028 | D:8      | Found the necklace of Bloodlust {*Rage Will++ Int-3 Slay+6}
  6055 | D:8      | Found a burning altar of Makhleb.
  6084 | D:8      | Found Ypyepeeq's Overcharged Wands.
  6246 | D:8      | Found a broken altar of Ashenzari.
  6528 | D:9      | Reached skill level 5 in Evocations
  6548 | D:9      | Reached skill level 9 in Fighting
  6555 | D:9      | Reached XP level 11. HP: 88/89 MP: 16/16
  6616 | D:9      | Found a staircase to the Lair.
  6667 | D:9      | Reached *** piety under Nemelex Xobeh
  6982 | D:9      | Noticed a +0 spear
  6990 | D:9      | Found a hide-covered altar of Uskayaw.
  6991 | D:9      | Noticed a +0 short sword
  6991 | D:9      | Noticed a +0 falchion
  6991 | D:9      | Noticed a +0 dagger
  6991 | D:9      | Noticed a +0 short sword
  6991 | D:9      | Noticed a +0 dagger
  6992 | D:9      | Noticed a +0 falchion
  6992 | D:9      | Noticed a +0 spear
  7138 | D:9      | Received a gift from Nemelex Xobeh
  7359 | D:10     | Entered Level 10 of the Dungeon
  7401 | D:10     | Noticed a two-headed ogre
  7419 | D:10     | Killed a two-headed ogre
  7673 | D:10     | Noticed a two-headed ogre
  7691 | D:10     | Reached skill level 5 in Dodging
  7695 | D:10     | Killed a two-headed ogre
  7809 | D:10     | Noticed a two-headed ogre
  7820 | D:10     | Killed a two-headed ogre
  7853 | D:10     | Noticed a two-headed ogre
  7870 | D:10     | Killed a two-headed ogre
  8038 | D:10     | Reached skill level 10 in Fighting
  8111 | D:10     | Reached **** piety under Nemelex Xobeh
  8238 | D:10     | Noticed a two-headed ogre
  8239 | D:10     | Noticed a cyclops
  8247 | D:10     | Killed a two-headed ogre
  8253 | D:10     | Killed a cyclops
  8622 | D:10     | Found a staircase to the Orcish Mines.
  8765 | D:11     | Found a gate leading to a gauntlet.
  8773 | Gauntlet | Entered a Gauntlet
  8773 | Gauntlet | Found a large runed translucent door.
  8773 | Gauntlet | Found a large runed translucent door.
  8773 | Gauntlet | Found a large runed translucent door.
  8773 | Gauntlet | Found a large runed translucent door.
  8773 | Gauntlet | Found a large runed translucent door.
  8773 | Gauntlet | Found a large runed translucent door.
  8773 | Gauntlet | Found a runed translucent door.
  8773 | Gauntlet | Found a transporter.
  8773 | Gauntlet | Found a runed translucent door.
  8773 | Gauntlet | Found a large runed translucent door.
  8773 | Gauntlet | Found a large runed translucent door.
  8773 | Gauntlet | Found a large runed translucent door.
  8773 | Gauntlet | Found a large runed translucent door.
  8773 | Gauntlet | Found a large runed translucent door.
  8773 | Gauntlet | Found a large runed translucent door.
  8774 | Gauntlet | Found a large runed translucent door.
  8774 | Gauntlet | Found a large runed translucent door.
  8774 | Gauntlet | Found a large runed translucent door.
  8774 | Gauntlet | Found a large runed translucent door.
  8780 | Gauntlet | Noticed a death scarab
  8780 | Gauntlet | Noticed a death scarab
  8783 | Gauntlet | Found a transporter.
  8783 | Gauntlet | Noticed a spectral death yak
  8784 | Gauntlet | Found a runed translucent gate.
  8784 | Gauntlet | Found a runed translucent gate.
  8784 | Gauntlet | Found a runed translucent gate.
  8786 | Gauntlet | Found a transporter.
  8787 | Gauntlet | Found a transporter.
  8791 | Gauntlet | Found a transporter.
  8792 | Gauntlet | Found a transporter.
  8835 | Gauntlet | Reached XP level 12. HP: 63/97 MP: 19/19
  8880 | Gauntlet | Noticed a thrashing horror
  8949 | Gauntlet | Noticed a thrashing horror
  9064 | Gauntlet | Found a transporter.
  9077 | Gauntlet | Killed a thrashing horror
  9084 | Gauntlet | Killed a thrashing horror
  9104 | Gauntlet | Identified the ring "Muonkay" {Fly Will+ Dex+6}
  9104 | Gauntlet | Noticed a large abomination
  9138 | Gauntlet | Identified the +2 tower shield of the Vacuum {Will+++
                  | Int+4}
  9138 | Gauntlet | Noticed a minotaur
  9147 | Gauntlet | Mangled by a minotaur

Illustrated notes

Levels and vault maps discovered:
D:1:      dpeg_arrival_castle, layout_rooms, nicolae_shop_vocational
D:2:      layout_loops_ring, basic_altar, mrwooster_statue_mirror, uniq_jessica,
          uniq_sigmund
D:3:      layout_loops_corners, nicolae_dithmenos_through_a_glass_darkly,
          hellmonk_ecumenical_altar_blasted, minmay_hedge_maze,
          guppyfry_early_orc_mine
D:4:      layout_loops_ring, slow_altar_2, mainiacjoe_overflow_paths,
          minitemple, mainiacjoe_overflow_chevrons, minmay_temple_entry_waves,
          uniq_pargi
D:5:      layout_rooms, mainiacjoe_overflow_small_starburst, guppyfry_shop_venom
D:6:      layout_layer_cave, okawaru_ov_weapons_minmay,
          nicolae_sif_muna_little_library, mainiacjoe_overflow_24_doors,
          serial_undead, serial_undead_d, serial_undead_f, serial_undead_a,
          serial_undead_b, st_stairs_5
D:7:      layout_gridville, nicolae_wu_jian_wuxing_cycle, dk_yredelemnul_ordeal
D:8:      layout_basic, kennysheep_mini, mainiacjoe_overflow_tiny_flanked,
          serial_shops, kennysheep_mini_moat, nicolae_shop_bloodbath_and_beyond,
          nicolae_shop_overcharged_wands, uniq_joseph
D:9:      layout_roguey, nicolae_uskayaw_en_pointe, lair_entry_dummy,
          serial_rivers, chequers_serial_rivers_room_a,
          chequers_serial_rivers_large_b, chequers_serial_rivers_large_a,
          chequers_serial_rivers_micro_a, chequers_serial_rivers_micro_d,
          chequers_serial_rivers_room_b
D:10:     layout_long_grid, erik_orc_2, lightli_fourway_metalbox
D:11:     layout_layer_cave, portal_ice_cave_rime, gauntlet_entry_generic,
          minmay_misc_feat_more_columns, minmay_variable_closet,
          xom_shifter_show, uniq_josephine
Temple:   nicolae_temple_superstar
Gauntlet: minmay_gauntlet_mixed_oops_all_seconds
          [minmay_gauntlet_arena_77_double_cross,
          minmay_gauntlet_arena_make_your_own_arena,
          minmay_gauntlet_arena_77_two_paths, nicolae_gauntlet_arena_quarters,
          minmay_gauntlet_arena_77_block_sizes,
          gammafunk_gauntlet_arena_chambers,
          nicolae_gauntlet_exit_dead_adventurers]

Skill      XL: |  1  2  3  4  5  6  7  8  9 10 11 |
---------------+----------------------------------+-----
Fighting       | 4 5 6 7 9 10 | 10.5
Armour         | 4 5 6 7 |  7.9
Dodging        | 1 2 3 4 5 |  5.7
Shields        | 5 6 7 8 9 |  9.5
Axes           | 3 4 5 6 |  6.7
Evocations     | 1 2 3 4 5 6 |  6.6
Invocations    | 2 4 6 7 9 |  9.9

Action                   |  1- 3 |  4- 6 |  7- 9 | 10-12 || total
-------------------------+-------+-------+-------+-------++-------
Melee: War axe           |    52 |    70 |   316 |   418 ||   856
       Unarmed           |    14 |       |       |       ||    14
 Abil: Dig               |       |       |       |     2 ||     2
  Use: Scroll            |     6 |     1 |     4 |     6 ||    17
       Potion            |     2 |     3 |     4 |     2 ||    11
 Stab: Sleeping          |       |       |     3 |     1 ||     4
Armor: Scale mail        |    20 |    63 |       |    91 ||   174
       Troll leather arm |       |       |    75 |    21 ||    96
       Skin              |       |       |     1 |       ||     1
Dodge: Dodged            |    42 |    54 |   268 |   361 ||   725
Block: Buckler           |    18 |    30 |   169 |   172 ||   389
       Reflection        |       |       |     1 |     6 ||     7

Table legend: (Time is in decaauts)
 A = Elapsed time spent in this place.
 B = Non-inter-level travel time spent in this place.
 C = Inter-level travel time spent in this place.
 D = Time resting spent in this place.
 E = Time spent auto-exploring this place.
 F = Levels seen in this place.
 G = Mean time per level.
                   A        B        C        D        E       F      G
               +--------+--------+--------+--------+--------+-----+--------+
         Total |   9464 |   9147 |    317 |    225 |   6694 |  13 |  728.0 |
       Dungeon |   8917 |   8644 |    273 |     39 |   6588 |  11 |  810.6 |
        Temple |    160 |    116 |     44 |      0 |    106 |   1 |  160.0 |
      Gauntlet |    386 |    386 |      0 |    186 |      0 |   1 |  386.0 |
               +--------+--------+--------+--------+--------+-----+--------+

Top non-repeatable levels by time:
    D:10: 1428 daAuts
     D:3: 1097 daAuts
     D:6: 1022 daAuts
     D:9: 992 daAuts
     D:8: 904 daAuts
     D:4: 836 daAuts
     D:2: 784 daAuts
     D:7: 618 daAuts
     D:5: 617 daAuts
     D:1: 602 daAuts
Gauntlet: 386 daAuts
  Temple: 160 daAuts
    D:11: 12 daAuts
